 Dungeon Crawl Stone Soup version 0.31.0-11-ge490571c62 (console) character file.

Game seed: 12552247621438113689

33171 jejorda2 the Metamorph (level 13, -2/107 HPs)
             Began as a Green Draconian Berserker on Feb 1, 2024.
             Was a High Priest of Trog.
             Slain by a komodo dragon (25 damage)
             ... on level 5 of the Lair of Beasts.
             The game lasted 00:36:31 (16038 turns).

jejorda2 the Metamorph (Green Draconian Berserker) Turns: 16038, Time: 00:36:31

Health: -2/107     AC: 18    Str: 23    XL:     13   Next: 35%
Magic:  13/13      EV: 18    Int:  8    God:    Trog [*****.]
Gold:   319        SH:  0    Dex: 12    Spells: 12/12 levels left

rFire   . .          .
                       - Unarmed
rCold   . . .        (shield currently unavailable)
rNeg    . . .        (body armour unavailable)
rPois   +            (helmet restricted)
rElec   .            k - +2 cloak
rCorr   .            n - +0 pair of gloves
SInv    .            c - +0 pair of boots {Fly}
Will    .....        y - amulet of the acrobat
Stlth   +            v - +5 ring of protection
HPRegen 0.37/turn    (no ring)
MPRegen 0.13/turn

%: acrobat
@: flux-form, on berserk cooldown, flying, slowed, glowing, very slow
A: glow, contaminating, breathe noxious fumes, AC +8, unfitting armour, poison
resistance, cold-blooded
a: Breathe Noxious Fumes, Begin Untransformation, Renounce Religion, Berserk,
Trog's Hand, Brothers in Arms


You were on level 5 of the Lair of Beasts.
You worshipped Trog.
Trog was extremely pleased with you.
You were something dangerously unstable.
You visited 2 branches of the dungeon, and saw 16 of its levels.
You also visited: Sewer and Ossuary.

You collected 869 gold pieces.
You spent 550 gold pieces at shops.

Inventory:

Missiles
 h - 13 poisoned darts
 m - 7 throwing nets
 q - 7 curare-tipped darts
Armour
 c - a +0 pair of boots of flying (worn)
 k - a +2 cloak (worn)
 n - a +0 pair of gloves (worn)
Jewellery
 v - a +5 ring of protection (left hand)
 y - an amulet of the acrobat (around neck)
Talismans
 z - the blade talisman "Sifenoxi" {rElec rF- rC++ rCorr Str-3}
   (You found it on level 11 of the Dungeon)

   [blade talisman]

   Str-3:     It affects your strength (-3).
   rF-:       It makes you vulnerable to fire.
   rC++:      It greatly protects you from cold.
   rElec:     It insulates you from electricity.
   rCorr:     It protects you from acid and corrosion.
 B - a flux talisman (active)
Wands
 i - a wand of polymorph (18)
 l - a wand of iceblast (9)
 A - a wand of mindburst (8)
Scrolls
 o - 3 scrolls of immolation
 r - 7 scrolls of teleportation
 w - a scroll of fog
 x - 2 scrolls of fear
 C - a scroll of identify
 D - 2 scrolls of poison
 E - a scroll of enchant armour
 F - a scroll of blinking
Potions
 a - 5 potions of ambrosia
 b - 7 potions of curing
 d - 7 potions of mutation
 e - a potion of haste
 f - 4 potions of heal wounds
 j - a potion of might
 p - 2 potions of cancellation
 s - a potion of invisibility
 t - 2 potions of lignification
 u - 2 potions of enlightenment


   Skills:
 - Level 8.0 Fighting
 - Level 6.0 Dodging
 + Level 9.7 Unarmed Combat
 - Level 6.0 Evocations
 * Level 16.6 Shapeshifting


You had 12 spell levels left.
You didn't know any spells.
Your spell library was empty.

Dungeon Overview and Level Annotations

Branches:
Dungeon (11/15)            Temple (0/1) D:6            Lair (5/5) D:11
  Swamp (0/4) Lair:3        Snake (0/4) Lair:2        Slime (0/5) Lair:4
    Orc (0/2) D:11          Sewer (visited)         Ossuary (visited)

Altars:
Ashenzari
Dithmenos
Fedhas
Gozag
Kikubaaqudgha
Ru
Trog
Uskayaw
Vehumet
Wu Jian
Yredelemnul
Jiyva

Shops:
D:9 =

Annotations:
Lair:3 exclusion: 2 doors


Innate Abilities, Weirdness & Mutations

You are something dangerously unstable.
You glow with magical radiation, making you easy to see and hit.
Foes you strike become dangerously contaminated with magical radiation.
You are incapable of wielding weapons or throwing items.
You can breathe blasts of noxious fumes.
Your lurid green scales are hard. (AC +8)
You cannot fit into any form of body armour.
Your system is resistant to poisons. (rPois)
You are cold-blooded and may be slowed by cold attacks.


Message History

The black mamba bites you. The black mamba barely misses you.
You miss the black mamba.
Your tail-slap misses the black mamba.
The black mamba closely misses you. The black mamba barely misses you.
The komodo dragon bites you.
You miss the black mamba.
The black mamba bites you but does no damage.
The black mamba completely misses you. The komodo dragon bites you!
The black mamba closely misses you.
You punch the black mamba!
The black mamba begins to glow.
Your tail-slap misses the black mamba.
The black mamba is moderately wounded.
The black mamba bites you! The komodo dragon barely misses you.
The black mamba misses you. The komodo dragon barely misses you.
You punch the black mamba!
The black mamba glows dangerously bright.
You tail-slap the black mamba.
The black mamba is severely wounded.
The black mamba bites you but does no damage. x2
The komodo dragon bites you!!
You are too injured to fight recklessly!
You are too injured to fight recklessly!
You are too injured to fight recklessly!
You are too injured to fight recklessly!
You are too injured to fight recklessly!
You hit the komodo dragon but do no damage.
The komodo dragon begins to glow.
The black mamba misses you.
The black mamba bites you but does no damage.
The komodo dragon misses you.
You punch the komodo dragon!
The komodo dragon glows dangerously bright.
The komodo dragon is lightly wounded.
The black mamba bites you! The black mamba closely misses you.
The komodo dragon bites you!
* * * LOW HITPOINT WARNING * * *
You hit the black mamba.
The black mamba shudders as magic cascades through it!!
You kill the black mamba!
Trog accepts your kill. The komodo dragon bites you!!
You die...

,,,,*,,,,,,,,,,,***,,,,,,,*
,,,,,,**,,*,.....###**,,,**
,,,*,,****,##.#....#*##.,,***
**,,,****###.......##...,,*,*
*,,*,,**,..#.....(P......,,**
*,,,,***,.......P.........**
,,,,,***,#.#P.P8.8.8.8..P..*
,,,,,,***.....8.†.<...8...#*
,,,******#.#.P..pl.....P..#*
,,,***,**#....8.......8..$.*
****,,,,*#.....<..8..<.....**
* *,,,,,,.....8.......8..P.,*
* *,,,,,,.P............P...**
* *,,,,,*#P...8...<...8..##*
*****,,*,......8.8.8†8P.P##
,,*,*,,,,...........P....##
,,,,,,,,,.....P...P......##


You could see a komodo dragon (heavy contam).

Vanquished Creatures
  Erolcha (D:9)
  Harold (Lair:1)
  A hydra (Lair:5)
  4 two-headed ogres
  4 death yaks (D:11)
  Sonja (Lair:3)
  The ghost of Livid the Cleaver, a novice FoFi of Yredelemnul (D:7)
  Nergalle (D:10)
  2 skysharks
  A bog body (Lair:3)
  Pikel (D:4)
  3 black mambas
  A torpor snail (Lair:4)
  8 cane toads
  5 elephants (Lair:2)
  2 rime drakes
  7 komodo dragons
  A kobold demonologist (D:9)
  A polar bear (Lair:1)
  A troll (D:11)
  9 blink frogs
  Sigmund (D:3)
  28 yaks
  A vampire (D:9)
  A wyvern (Lair:4)
  Duvessa (D:4)
  19 water moccasins
  4 orc warriors
  A sky beast (D:6)
  Pargi (D:4)
  4 ice beasts
  2 black bears
  4 ogres
  13 wolves
  9 centaurs
  A kobold brigand (D:7)
  A weeping skull (Ossuary)
  A brain worm (Sewer)
  11 bullfrogs
  3 gnoll sergeants
  A scorpion (D:5)
  A water moccasin zombie (Ossuary)
  3 wights (D:8)
  Dowan (D:4)
  2 howler monkeys (D:8)
  2 electric eels (Lair:4)
  2 jellies
  5 orc priests
  Crazy Yiuf (D:4)
  2 hounds
  A spectral scorpion (Ossuary)
  An iguana (D:6)
  2 sleepcaps
  12 orc wizards
  A crocodile zombie (Ossuary)
  2 mummies (Ossuary)
  19 gnolls
  13 adders
  2 river rats
  2 white imps (D:7)
  3 adder zombies (Ossuary)
  4 dart slugs
  4 ribbon worms
  16 orcs
  5 endoplasms
  5 giant cockroaches
  8 gnoll zombies (Ossuary)
  8 goblins
  6 hobgoblins
  9 jackals
  10 kobolds
  6 quokkas
  6 ball pythons
  16 bats
  2 frilled lizards
  6 jackal zombies (Ossuary)
  7 orc zombies (Ossuary)
  10 rats
368 creatures vanquished.

Vanquished Creatures (collateral kills)
  2 death yaks (D:11)
  An orc warrior (D:7)
  An orc priest (D:7)
  4 orcs (D:7)
8 creatures vanquished.

Grand Total: 376 creatures vanquished

Notes
Turn   | Place    | Note
-------+----------+-------------------------------------------
     0 | D:1      | jejorda2 the Draconian Berserker began the quest for the
                  | Orb.
     0 | D:1      | Reached XP level 1. HP: 19/19 MP: 1/1
   236 | D:1      | Reached skill level 1 in Shapeshifting
   236 | D:1      | Reached XP level 2. HP: 26/26 MP: 2/2
   947 | D:1      | Reached XP level 3. HP: 33/33 MP: 3/3
  1086 | D:2      | Reached ** piety under Trog
  1410 | D:2      | Reached skill level 2 in Shapeshifting
  1949 | D:3      | Reached XP level 4. HP: 40/40 MP: 4/4
  2329 | D:3      | Noticed Sigmund
  2339 | D:3      | Killed Sigmund
  2340 | D:3      | Reached skill level 3 in Shapeshifting
  2340 | D:3      | Reached XP level 5. HP: 47/47 MP: 5/5
  2407 | D:3      | Reached XP level 6. HP: 51/53 MP: 6/6
  2549 | D:4      | Noticed Pargi
  2555 | D:4      | Killed Pargi
  2556 | D:4      | Reached skill level 4 in Shapeshifting
  2647 | D:4      | Reached skill level 5 in Fighting
  2721 | D:4      | Found a runed translucent door.
  2722 | D:4      | Noticed Crazy Yiuf
  2730 | D:4      | Killed Crazy Yiuf
  2780 | D:4      | Noticed Pikel
  2800 | D:4      | Killed Pikel
  2801 | D:4      | Reached skill level 5 in Unarmed Combat
  2801 | D:4      | Reached skill level 5 in Shapeshifting
  2801 | D:4      | Your scales start taking on a lurid green colour.
  2801 | D:4      | Reached XP level 7. HP: 27/62 MP: 7/7
  2801 | D:4      | Gained mutation: Your system is resistant to poisons.
                  | (rPois) [Green Draconian growth]
  3106 | D:4      | Found a bloodstained altar of Trog.
  3106 | D:4      | Noticed Dowan
  3107 | D:4      | Noticed Duvessa
  3108 | D:4      | Found a broken altar of Ashenzari.
  3113 | D:4      | Killed Duvessa
  3114 | D:4      | Reached skill level 6 in Shapeshifting
  3114 | D:4      | Reached XP level 8. HP: 70/70 MP: 8/8
  3115 | D:4      | Killed Dowan
  3447 | D:4      | Found a sacrificial altar of Ru.
  3691 | D:5      | Entered Level 5 of the Dungeon
  3777 | D:5      | Found a hide-covered altar of Uskayaw.
  3786 | D:5      | Found a basalt altar of Yredelemnul.
  3855 | D:5      | Reached *** piety under Trog
  4276 | D:5      | Found an ornate altar of the Wu Jian Council.
  4338 | D:5      | Found an ancient bone altar of Kikubaaqudgha.
  4348 | D:5      | Reached skill level 7 in Shapeshifting
  4639 | D:6      | Reached XP level 9. HP: 79/79 MP: 9/9
  4677 | D:6      | Reached skill level 8 in Shapeshifting
  4745 | D:6      | Found a glowing drain.
  4753 | Sewer    | Entered a sewer
  5657 | D:6      | Found a staircase to the Ecumenical Temple.
  5960 | D:7      | Found a sand-covered staircase.
  5960 | D:7      | Found a blossoming altar of Fedhas.
  5965 | Ossuary  | Entered an ossuary
  5986 | Ossuary  | Reached **** piety under Trog
  6353 | D:7      | Reached skill level 9 in Shapeshifting
  6577 | D:7      | Found a runed translucent gate.
  6577 | D:7      | Noticed Livid's ghost (novice FoFi)
  6578 | D:7      | Found a runed translucent gate.
  6579 | D:7      | Found a runed translucent gate.
  6581 | D:7      | Identified the +4 plate armour of Gallantry {^Contam rC++
                  | rN+ Stlth+}
  7032 | D:7      | Killed Livid's ghost
  7033 | D:7      | Reached XP level 10. HP: 67/86 MP: 10/10
  7036 | D:7      | Reached skill level 10 in Shapeshifting
  7519 | D:8      | Noticed a two-headed ogre
  7529 | D:8      | Killed a two-headed ogre
  7656 | D:8      | Noticed a two-headed ogre
  7671 | D:8      | Killed a two-headed ogre
  7672 | D:8      | Reached skill level 11 in Shapeshifting
  8152 | D:8      | Found a shadowy altar of Dithmenos.
  8152 | D:8      | Found an opulent altar of Gozag.
  8215 | D:9      | Found Jiteaxt's One-of-a-Kind Rings.
  8218 | D:9      | Identified the +11 short sword of Division {distort, +Blink
                  | Dex+3}
  8307 | D:9      | Identified the +5 dagger "Zufev" {spect, *Corrode rElec rC+
                  | Will+}
  8336 | D:9      | Reached skill level 1 in Evocations
  8849 | D:9      | Found a radiant altar of Vehumet.
  9014 | D:10     | Entered Level 10 of the Dungeon
  9014 | D:10     | Noticed a two-headed ogre
  9014 | D:10     | Noticed a two-headed ogre
  9020 | D:10     | Killed a two-headed ogre
  9027 | D:10     | Killed a two-headed ogre
  9189 | D:10     | Noticed Erolcha
  9200 | D:9      | Killed Erolcha
  9201 | D:9      | Reached skill level 12 in Shapeshifting
  9201 | D:9      | Reached XP level 11. HP: 92/92 MP: 11/11
  9414 | D:10     | Noticed Nergalle
  9445 | D:10     | Killed Nergalle
 10196 | D:9      | Bought a +5 ring of protection for 550 gold pieces
 10244 | D:11     | Found a staircase to the Orcish Mines.
 10452 | D:11     | Identified the blade talisman "Sifenoxi" {rElec rF- rC++
                  | rCorr Str-3}
 10460 | D:11     | Noticed a death yak
 10477 | D:11     | Killed a death yak
 10478 | D:11     | Reached skill level 5 in Evocations
 10480 | D:11     | Noticed a death yak
 10483 | D:11     | Noticed a death yak
 10483 | D:11     | Noticed a death yak
 10483 | D:11     | Noticed a death yak
 10484 | D:11     | Noticed a death yak
 10490 | D:11     | Found a staircase to the Lair.
 10494 | D:11     | Killed a death yak
 10495 | D:11     | Reached skill level 13 in Shapeshifting
 10501 | D:11     | Killed a death yak
 10511 | D:11     | Killed a death yak
 10514 | D:11     | Killed a death yak
 10520 | D:11     | Killed a death yak
 11109 | Lair:1   | Entered Level 1 of the Lair of Beasts
 11109 | Lair:1   | Noticed Harold
 11121 | Lair:1   | Killed Harold
 11122 | Lair:1   | Reached skill level 14 in Shapeshifting
 11321 | Lair:1   | Reached XP level 12. HP: 81/100 MP: 12/12
 12483 | Lair:2   | Reached skill level 15 in Shapeshifting
 12754 | Lair:2   | Reached skill level 5 in Dodging
 12835 | Lair:2   | Found a staircase to the Snake Pit.
 13814 | Lair:3   | Noticed Sonja
 13838 | Lair:3   | Killed Sonja
 13920 | Lair:3   | Reached skill level 16 in Shapeshifting
 14051 | Lair:3   | Reached ***** piety under Trog
 14058 | Lair:3   | Found a staircase to the Swamp.
 14243 | Lair:3   | Reached XP level 13. HP: 88/105 MP: 13/13
 15357 | Lair:4   | Found a viscous altar of Jiyva.
 15358 | Lair:4   | Found a staircase to the Slime Pits.
 16008 | Lair:5   | Entered Level 5 of the Lair of Beasts
 16038 | Lair:5   | Slain by a komodo dragon

Illustrated notes

Levels and vault maps discovered:
D:1:      dpeg_arrival_rooms_with_view, layout_loops_corners,
          hangedman_decor_peaks_small, minmay_pentomino_v4
D:2:      layout_basic, grunt_decor_junction
D:3:      layout_rooms, corexii_hall_statues_u, st_stairs_11,
          hangedman_glass_teeth, nrook_campfire, uniq_sigmund
D:4:      layout_loops_ring, nicolae_overflow_hidden_temple,
          mainiacjoe_overflow_divided_tiny, uniq_pargi, uniq_duvessa,
          uniq_crazy_yiuf_cottage, uniq_pikel
D:5:      layout_loops_ring, old_standard_altar,
          nicolae_wu_jian_immortal_techniques, mainiacjoe_overflow_swirl
D:6:      layout_rooms, minmay_temple_entry_purple_smoke,
          lightli_sewer_entry_pipes, minmay_misc_feat_hallway
D:7:      layout_rooms, fedhas_altar_1, biasface_ghost_orc_armoury,
          enter_ossuary_1
D:8:      layout_loops_ring, gammafunk_temple_overflow_wave
D:9:      layout_irregular_city, lemuel_round_altar, nicolae_shop_unique_rings
D:10:     layout_loops_ring, uniq_erolcha, uniq_nergalle
D:11:     layout_stronghold, dpeg_lair_monsters, orc_0_dummy
Lair:1:   layout_chaotic_city, uniq_harold
Lair:2:   layout_long_grid, minmay_snake_entry_six_corridors
Lair:3:   layout_roguey, skrybe_swamp_entry_bodies, uniq_sonja
Lair:4:   layout_cave_pods, slime_entry_1, chequers_serial_rivers_marsh,
          serial_bayou_shore_a
Lair:5:   hangedman_lair_in_review, layout_long_grid, wormcave,
          gauntlet_entry_generic, gammafunk_ghost_split,
          nicolae_volcano_entry_s_turn, minivault_24, evilmike_ambush
          [evilmike_ambush_outer_pillars, evilmike_ambush_inner_basic]

Skill      XL: |  1  2  3  4  5  6  7  8  9 10 11 12 13 |
---------------+----------------------------------------+-----
Shapeshifting  | 1 2 3 5 6 7 9 12 14 16 | 16.6
Fighting       | 4 5 6 7 8 |  8.0
Unarmed Combat | 4 5 6 8 9 |  9.7
Evocations     | 3 6 |  6.0
Dodging        | 6 |  6.0

Action                     |  1- 3 |  4- 6 |  7- 9 | 10-12 | 13-15 || total
---------------------------+-------+-------+-------+-------+-------++-------
  Melee: Unarmed           |   136 |    90 |   440 |   585 |   159 ||  1410
         Tailslap          |    17 |    13 |    50 |   118 |    29 ||   227
         Punch             |     3 |     5 |    22 |    22 |       ||    52
  Throw: Dart              |       |       |       |     1 |       ||     1
 Invoke: Berserk           |       |     5 |     6 |    10 |     1 ||    22
         Trog's Hand       |       |     1 |     4 |     8 |       ||    13
         Brothers in Arms  |       |       |     1 |     1 |       ||     2
Ability: Breathe Noxious F |       |       |    11 |    15 |     2 ||    28
  Evoke: Wand              |       |       |       |       |     3 ||     3
    Use: Scroll            |       |       |    20 |     8 |     1 ||    29
   Stab: Sleeping          |     2 |       |     1 |       |       ||     3
         Confused          |       |       |     4 |    18 |     3 ||    25
 Armour: Skin              |    76 |    52 |   242 |   330 |    86 ||   786
  Dodge: Dodged            |    98 |    63 |   238 |   474 |   151 ||  1024
   Form: Blade             |       |       |       |     1 |       ||     1
         Flux              |       |       |       |     1 |       ||     1
